 Dungeon Crawl Stone Soup version 0.26-a0-658-gbdda728c12 (webtiles) character file.

Game seed: 9398534590650989251

147 Kraken2834 the Chiller (level 5, 0/40 HPs)
             Began as a Draconian Ice Elementalist on Oct 5, 2020.
             Slain by Grinder (8 damage)
             ... on level 3 of the Dungeon.
             The game lasted 00:14:26 (3097 turns).

Kraken2834 the Chiller (Draconian Ice Elementalist) Turns: 3097, Time: 00:14:26

Health: 0/40       AC: 15    Str: 10    XL:     5   Next: 8%
Magic:  3/10       EV: 12    Int: 17    God:
Gold:   77         SH:  0    Dex: 11    Spells: 7/11 levels left

rFire    . . .     SeeInvis +   a - +0 dagger
rCold    . . .     Faith    .   (no shield)
rNeg     . . .     Spirit   .   (armour unavailable)
rPois    .         Reflect  .   (helmet restricted)
rElec    .         Harm     .   p - +2 cloak
rCorr    +         Rampage  .   (no gloves)
MR       .....                  f - +0 pair of boots (curse)
Stlth    ++........             (no amulet)
HPRegen  0.13/turn              i - ring of see invisible
MPRegen  0.12/turn              l - ring of resist corrosion

@: icy armour
A: unfitting armour, cold-blooded, AC +5
a: no special abilities


You were on level 3 of the Dungeon.
You visited 1 branch of the dungeon, and saw 3 of its levels.

You collected 77 gold pieces.

Inventory:

Hand Weapons
 a - a +0 dagger (weapon)
Armour
 f - a cursed +0 pair of boots (worn)
 p - a +2 cloak (worn)
Jewellery
 e - an uncursed ring of poison resistance
 i - a ring of see invisible (left hand)
 l - a ring of resist corrosion (right hand)
Wands
 o - a wand of acid (12)
Scrolls
 c - 2 scrolls of teleportation {unknown}
 d - 4 scrolls of identify {unknown}
 g - a scroll of immolation {unknown}
 k - 3 scrolls of remove curse {unknown}
 m - a scroll of enchant armour {unknown}
 n - a scroll of blinking {unknown}
Potions
 b - a potion of stabbing {unknown}
 h - a potion of brilliance {unknown}
 j - a potion of cancellation {unknown}


   Skills:
 * Level 1.5 Fighting
 - Level 1.7 Dodging
 - Level 1.7 Stealth
 * Level 3.7 Spellcasting
 + Level 5.0 Ice Magic


You had 7 spell levels left.
You knew the following spells:

 Your Spells              Type           Power        Failure   Level
a - Freeze                Ice            ###.         1%          1
b - Ozocubu's Armour      Ice            ###.....     6%          3

Your spell library contained the following spells:

 Spells                   Type           Power        Failure   Level
 Frozen Ramparts          Ice            ###...       6%          3
 Hailstorm                Conj/Ice       ##......     50%         4
 Summon Ice Beast         Ice/Summ       ##......     50%         4


Dungeon Overview and Level Annotations

Branches:
Dungeon (3/15)

Altars:
Qazlal

Annotations:
D:3 Grinder


Innate Abilities, Weirdness & Mutations

Your plain brown scales are hard. (AC +5)
You cannot fit into any form of body armour.
You are cold-blooded and may be slowed by cold attacks.


Message History

* * * LOW HITPOINT WARNING * * *
You writhe in agony.
* * * LOW HITPOINT WARNING * * *
You hit Grinder but do no damage.
Grinder is lightly wounded.
Grinder says, "Mostly I couldn't keep them alive."
Grinder hits you but does no damage.
You hit Grinder but do no damage.
Grinder is lightly wounded.
Grinder hits you but does no damage.
You hit Grinder but do no damage.
Grinder is lightly wounded.
Grinder closely misses you.
You barely miss Grinder.
Grinder is lightly wounded.
Grinder hits you but does no damage.
You barely miss Grinder.
Grinder is lightly wounded.
Grinder hits you!
You die...

#########
........#
###(###.# ####
##...## ..#
#.....# ##### #5#
##...## ...# #@#
##.## #.###.###.#
#.# #.........#
#.# #####.#####
##'## #.# ##...##
#.# #..)..## #.##
.......## #..##
........####...##


You could see Grinder.

Vanquished Creatures
  A centaur skeleton (D:2)
  2 gnolls (D:1)
  2 adders (D:2)
  An ooze (D:2)
  3 worms (D:2)
  4 dart slugs
  4 orcs
  5 bats
  3 giant cockroaches
  4 goblins
  5 hobgoblins
  6 jackals (D:1)
  7 kobolds
  A quokka (D:3)
  7 frilled lizards
  7 rats
62 creatures vanquished.

Notes
Turn   | Place    | Note
-------+----------+-------------------------------------------
     0 | D:1      | Kraken2834 the Draconian Ice Elementalist began the quest
                  | for the Orb.
     0 | D:1      | Reached XP level 1. HP: 14/14 MP: 3/3
   204 | D:1      | Reached XP level 2. HP: 15/20 MP: 1/5
   706 | D:1      | Reached XP level 3. HP: 27/27 MP: 3/6
  1057 | D:2      | Learned a level 3 spell: Ozocubu's Armour
  1072 | D:2      | Reached skill level 1 in Fighting
  1561 | D:2      | Reached XP level 4. HP: 35/35 MP: 4/8
  2686 | D:3      | Found a stormy altar of Qazlal.
  2687 | D:3      | Noticed a water elemental
  2689 | D:3      | Noticed an air elemental
  2689 | D:3      | Noticed a fire elemental
  2689 | D:3      | Noticed an earth elemental
  2760 | D:3      | Reached XP level 5. HP: 39/40 MP: 7/10
  2791 | D:3      | Reached skill level 5 in Ice Magic
  3080 | D:3      | Noticed Grinder
  3097 | D:3      | Slain by Grinder

Illustrated notes

Levels and vault maps discovered:
D:1:      doesnt_arrival_eight_statues, layout_rooms
D:2:      layout_loops_corners
D:3:      layout_loops_corners, nicolae_qazlal_style_of_elements,
          marbit_many_paths, grunt_ministairs_11, uniq_grinder

Skill      XL: |  1  2  3  4  5 |
---------------+----------------+-----
Fighting       | 1 |  1.5
Spellcasting   | 3 |  3.7
Ice Magic      | 5 |  5.0
Dodging        | |  1.7
Stealth        | |  1.7

Action                   |  1- 3 |  4- 6 || total
-------------------------+-------+-------++-------
Melee: Unarmed           |     5 |       ||     5
       Tailslap          |     2 |     4 ||     6
       Dagger            |     3 |    21 ||    24
 Cast: Freeze            |    59 |    63 ||   122
       Ozocubu's Armour  |     1 |     1 ||     2
Armor: Skin              |    22 |    15 ||    37
Dodge: Dodged            |    44 |    32 ||    76

Table legend: (Time is in decaauts)
 A = Elapsed time spent in this place.
 B = Non-inter-level travel time spent in this place.
 C = Inter-level travel time spent in this place.
 D = Time resting spent in this place.
 E = Time spent auto-exploring this place.
 F = Levels seen in this place.
 G = Mean time per level.
                   A        B        C        D        E       F      G
               +--------+--------+--------+--------+--------+-----+--------+
         Total |   3095 |   3060 |     35 |    559 |   1961 |   3 | 1031.7 |
       Dungeon |   3095 |   3060 |     35 |    559 |   1961 |   3 | 1031.7 |
               +--------+--------+--------+--------+--------+-----+--------+

Top non-repeatable levels by time:
     D:2: 1592 daAuts
     D:1: 1045 daAuts
     D:3: 457 daAuts
